 Dungeon Crawl Stone Soup version 0.31-a0-236-g9a0961fb85 (webtiles) character file.

Game seed: 6889780277178434682

19609 qw the Marksminotaur (level 12, -5/113 HPs)
             Began as a Minotaur Hexslinger on July 10, 2023.
             Slain by a five-headed hydra (7 damage)
             ... on level 2 of the Lair of Beasts.
             The game lasted 00:05:47 (10046 turns).

qw the Marksminotaur (Minotaur Hexslinger)         Turns: 10046, Time: 00:05:48

Health: -5/113     AC:  7    Str: 15    XL:     12   Next: 38%
Magic:  12/12      EV: 24    Int: 10    God:
Gold:   513        SH:  0    Dex: 22    Spells: 12/13 levels left

rFire   . . .        Y - +0 orcbow
rCold   . . .        (shield currently unavailable)
rNeg    . . .        j - +0 troll leather armour
rPois   .            (helmet restricted)
rElec   .            f - scarf {repulsion}
rCorr   .            i - +0 pair of gloves
SInv    .            g - +0 pair of boots
Will    .....        n - amulet of regeneration
Stlth   ++           w - +6 ring of dexterity
HPRegen 1.98/turn    l - +5 ring of evasion
MPRegen 0.13/turn

%: repel missiles
@: about to teleport, slowed, very slow
A: horns 2, retaliatory headbutt
a: no special abilities


You were on level 2 of the Lair of Beasts.
You visited 3 branches of the dungeon, and saw 14 of its levels.

You collected 669 gold pieces.
You spent 156 gold pieces at shops.


Innate Abilities, Weirdness & Mutations

You have a pair of horns on your head.
You reflexively headbutt those who attack you in melee.


   Skills:
 + Level 12.7 Fighting
 - Level 16.0 Ranged Weapons
 - Level 5.4 Armour
 - Level 10.0 Dodging
 - Level 1.0 Spellcasting
 - Level 2.0 Hexes


You had 12 spell levels left.
You knew the following spells:

 Your Spells              Type           Power      Damage    Failure   Level
a - Slow                  Hex            16%        N/A       19%         1

Your spell library contained the following spells:

 Spells                   Type           Power      Damage    Failure   Level
 Inner Flame              Hex/Fire       2%         N/A       63%         3
 Portal Projectile        Hex/Tloc       4%         N/A       63%         3
 Cause Fear               Hex            2%         N/A       87%         4

Inventory:

Hand Weapons
 Y - a +0 orcbow (weapon)
Armour
 f - a scarf of repulsion (worn)
 g - a +0 pair of boots (worn)
 h - a +0 cloak
 i - a +0 pair of gloves (worn)
 j - a +0 troll leather armour (worn)
Jewellery
 l - a +5 ring of evasion (right hand)
 n - an amulet of regeneration (around neck)
 o - a ring of fire
 w - a +6 ring of dexterity (left hand)
Wands
 p - a wand of digging (3)
Scrolls
 d - a scroll of identify
 m - 2 scrolls of teleportation
Potions
 a - 4 potions of cancellation
 b - 2 potions of enlightenment
 c - 3 potions of resistance
 e - a potion of heal wounds
 k - 3 potions of curing
 q - 3 potions of might
 s - a potion of degeneration {unknown}

Dungeon Overview and Level Annotations

Branches:
Dungeon (11/15)            Temple (1/1) D:5            Lair (2/5) D:10
  Swamp: Lair:2-3    Shoals: Lair:2-3     Snake: Lair:2-3    Spider: Lair:2-3
    Orc: D:9-12

Altars:
Ashenzari
Cheibriados
Dithmenos
Elyvilon
Fedhas
Gozag
Hepliaklqana
Kikubaaqudgha
Makhleb
Nemelex Xobeh
Okawaru
Qazlal
Ru
Sif Muna
Trog
Uskayaw
Vehumet
Wu Jian
Xom
Yredelemnul
Zin
The Shining One

Shops:
D:5 *

Annotations:
D:4 Grinder
D:8 2 runed translucent doors, qw's ghost, novice GrFi


Message History

The five-headed hydra closely misses you.
You furiously retaliate!
You headbutt the five-headed hydra! The five-headed hydra bites you.
The five-headed hydra completely misses you.
The five-headed hydra bites you. The five-headed hydra misses you.
The yak misses you. You furiously retaliate!
You headbutt the yak! You shoot an arrow. The arrow hits the yak.
The yak is moderately wounded.
The yak completely misses you. The yak misses you.
The yak completely misses you. You furiously retaliate!
You headbutt the yak. The five-headed hydra misses you.
You furiously retaliate!
You headbutt the five-headed hydra.
The five-headed hydra barely misses you.
The five-headed hydra misses you. The five-headed hydra bites you!
The five-headed hydra completely misses you.
You shoot an arrow. The arrow closely misses the yak.
The yak barely misses you. The yak completely misses you. The yak gores you!
The five-headed hydra bites you. The five-headed hydra misses you.
The five-headed hydra bites you! The five-headed hydra misses you.
The five-headed hydra bites you!
You shoot an arrow. The arrow hits the yak.
The yak is heavily wounded.
The yak gores you! The yak gores you. The five-headed hydra misses you.
The five-headed hydra completely misses you.
The five-headed hydra bites you.
The five-headed hydra closely misses you.
The five-headed hydra bites you! The yak misses you.
10046 ||| READING 3 scrolls of teleportation.
As you read the scroll of teleportation, it crumbles to dust.
You feel strangely unstable. The yak gores you but does no damage.
The yak completely misses you. You furiously retaliate!
You headbutt the yak!
The five-headed hydra completely misses you.
The five-headed hydra barely misses you.
The five-headed hydra bites you. x2; The five-headed hydra bites you!
The yak closely misses you. The yak barely misses you. The yak gores you!
The five-headed hydra bites you.
The five-headed hydra bites you but does no damage.
The five-headed hydra bites you! x2
You die...

###....# #....# .##.
#...## .... #...#
..... ##...# .....
####P...## ......
.........#####......
.............D......
............@wY.....
............YY....(.
.#.##...............
###................
#...####P...$#...
#..# ######.... ##.
#..P # ..


You could see a five-headed hydra, a torpor snail and 3 yaks.

Vanquished Creatures
  A two-headed ogre (D:10)
  A boulder beetle (D:11)
  6 death yaks
  2 black mambas (Lair:1)
  3 gargoyles (D:11)
  3 cane toads (Lair:1)
  An unseen horror (D:10)
  2 trolls (D:10)
  2 hornets
  5 blink frogs (Lair:1)
  Sigmund (D:4)
  2 shadows (D:11)
  Eustachio (D:4)
  A vampire (D:10)
  29 yaks
  A wraith (D:10)
  A wyvern (D:7)
  2 basilisks (Lair:1)
  3 steam dragons
  Edmund (D:4)
  An acid dragon (D:10)
  A water moccasin (Lair:1)
  An ice beast (D:8)
  6 orc warriors
  A black bear (D:4)
  2 centaurs (D:9)
  3 wolves
  A phantom (D:4)
  A kobold brigand (D:10)
  9 bullfrogs
  A gnoll sergeant (D:10)
  6 scorpions
  A wight (D:10)
  11 killer bees (D:9)
  2 howler monkeys
  4 crimson imps (D:6)
  3 jellies
  A gnoll bouda (D:5)
  7 orc priests
  3 hounds
  Jessica (D:2)
  8 iguanas
  11 orc wizards
  Robin (D:3)
  6 adders
  21 gnolls
  A shadow imp (D:6)
  A white imp (D:7)
  An ufetubus (D:7)
  A worm (D:4)
  3 dart slugs
  31 orcs
  3 ball pythons
  3 bats
  6 endoplasms
  3 giant cockroaches
  11 goblins
  9 hobgoblins
  2 quokkas
  7 frilled lizards
  10 kobolds
  6 rats
279 creatures vanquished.

Notes
Turn   | Place    | Note
-------+----------+-------------------------------------------
     0 | D:1      | qw the Minotaur Hexslinger began the quest for the Orb.
     0 | D:1      | Reached XP level 1. HP: 16/16 MP: 1/1
     0 | D:1      | 0 ||| qw: Version: 0.3-a-52-g30416fa
     0 | D:1      | 0 ||| qw: Game counter: 4865
     0 | D:1      | 0 ||| qw: Melee chars always use a shield: true
     0 | D:1      | 0 ||| qw: God list: Okawaru
     0 | D:1      | 0 ||| qw: Allow faded altars: false
     0 | D:1      | 0 ||| qw: Do Orc after clearing Dungeon:15 true
     0 | D:1      | 0 ||| qw: Do second Lair branch before Depths: true
     0 | D:1      | 0 ||| qw: Lair rune preference: random
     0 | D:1      | 0 ||| qw: Goals: Normal
     0 | D:1      | 0 ||| PLANNING D:1-11
   226 | D:1      | You fall into a shaft and drop 1 floor!
   239 | D:2      | 239 ||| UPGRADING to +0 ring mail.
   249 | D:2      | 249 ||| DROPPING +0 robe.
   250 | D:2      | 250 ||| UPGRADING to +0 pair of boots.
   261 | D:2      | 261 ||| READING scroll labelled OXYAQO OHONI.
   262 | D:2      | 262 ||| DROPPING scroll of poison.
   601 | D:1      | 601 ||| READING scroll labelled NOANTE ZE NOXT.
   602 | D:1      | 602 ||| READING scroll labelled HYALALY ETHREIWK.
   603 | D:1      | 603 ||| DRINKING 2 metallic clear potions.
   636 | D:2      | Reached skill level 3 in Ranged Weapons
   636 | D:2      | Reached XP level 2. HP: 21/23 MP: 2/2
   699 | D:2      | Noticed Jessica
   706 | D:2      | Killed Jessica
   707 | D:2      | Reached XP level 3. HP: 13/30 MP: 3/3
  1050 | D:2      | Reached skill level 4 in Ranged Weapons
  1050 | D:2      | Reached XP level 4. HP: 37/37 MP: 4/4
  1563 | D:2      | 1563 ||| UPGRADING to +5 ring of evasion.
  1564 | D:2      | 1564 ||| UPGRADING to ring of poison resistance.
  1565 | D:2      | 1565 ||| READING 2 scrolls labelled SAIMOXTECK.
  1566 | D:2      | 1566 ||| READING scroll labelled QEZAOPYOLI.
  1567 | D:2      | 1567 ||| READING 3 scrolls labelled UQUPRU IMMY.
  1571 | D:2      | 1571 ||| DRINKING 2 cyan potions.
  1572 | D:2      | 1572 ||| DRINKING 2 amethyst potions.
  1614 | D:2      | 1614 ||| DROPPING potion of brilliance.
  1615 | D:2      | 1615 ||| DROPPING potion of lignification.
  1659 | D:3      | 1659 ||| Stepping ~*~*~tactically~*~*~ (outnumbered).
  1661 | D:3      | 1661 ||| Stepping ~*~*~tactically~*~*~ (outnumbered).
  1664 | D:3      | Reached skill level 1 in Armour
  1751 | D:3      | Noticed Robin
  1764 | D:3      | Killed Robin
  1770 | D:3      | 1770 ||| FLEEEEING.
  1771 | D:3      | 1771 ||| FLEEEEING.
  1772 | D:3      | 1772 ||| FLEEEEING.
  1773 | D:3      | 1773 ||| FLEEEEING.
  1774 | D:3      | 1774 ||| FLEEEEING.
  1938 | D:3      | Found an iron altar of Okawaru.
  1939 | D:3      | 1939 ||| PLANNING OKAWARU WORSHIP
  1998 | D:3      | Reached skill level 5 in Ranged Weapons
  2088 | D:3      | Reached skill level 3 in Fighting
  2100 | D:3      | Reached XP level 5. HP: 45/45 MP: 5/5
  2168 | D:3      | Found a snail-covered altar of Cheibriados.
  2351 | D:3      | 2351 ||| UPGRADING to amulet of regeneration.
  2356 | D:3      | 2356 ||| READING scroll labelled WEIMAROG WIBBIPIAF.
  2357 | D:3      | 2357 ||| READING scroll labelled HOLAPR ROJOYN.
  2358 | D:3      | 2358 ||| DRINKING 2 clear potions.
  2359 | D:3      | 2359 ||| READING 2 scrolls of identify.
  2359 | D:3      | 2359 ||| IDENTIFYING dark potion
  2360 | D:3      | 2360 ||| PLANNING D:1-11
  2408 | D:4      | Noticed a black bear
  2418 | D:4      | Killed a black bear
  2419 | D:4      | Reached skill level 6 in Ranged Weapons
  2433 | D:4      | Noticed Sigmund
  2434 | D:4      | 2434 ||| FLEEEEING.
  2436 | D:4      | 2436 ||| FLEEEEING.
  2437 | D:4      | 2437 ||| FLEEEEING.
  2438 | D:4      | 2438 ||| FLEEEEING.
  2439 | D:4      | 2439 ||| FLEEEEING.
  2441 | D:4      | 2441 ||| DRINKING potion of curing.
  2441 | D:4      | 2441 ||| (to cure confusion)
  2467 | D:4      | Killed Sigmund
  2468 | D:4      | Reached XP level 6. HP: 40/56 MP: 6/6
  2530 | D:4      | Noticed Eustachio
  2552 | D:4      | Killed Eustachio
  2553 | D:4      | Reached skill level 7 in Ranged Weapons
  2553 | D:4      | Reached XP level 7. HP: 61/61 MP: 7/7
  2663 | D:4      | Found a hide-covered altar of Uskayaw.
  2666 | D:4      | Noticed Edmund
  2687 | D:4      | Killed Edmund
  2948 | D:4      | Reached skill level 8 in Ranged Weapons
  2997 | D:4      | Found a shadowy altar of Dithmenos.
  3076 | D:4      | Noticed Grinder
  3093 | D:4      | HP: 14/61 [Grinder (5)]
  3093 | D:4      | HP: 5/61 [Grinder/puff of flame (9)]
  3094 | D:4      | 3094 ||| READING 4 scrolls of teleportation.
  3182 | D:4      | 3182 ||| READING scroll labelled FAEH ZYRGHEU.
  3183 | D:4      | 3183 ||| READING scroll labelled GAUCAFIOHI.
  3184 | D:4      | 3184 ||| READING scroll labelled YNGEHA UPHE.
  3222 | D:5      | Entered Level 5 of the Dungeon
  3222 | D:5      | Found a staircase to the Ecumenical Temple.
  3223 | D:5      | 3223 ||| PLANNING TEMPLE
  3223 | D:5      | 3223 ||| STAIRDANCE
  3227 | D:5      | 3227 ||| STAIRDANCE
  3231 | D:5      | 3231 ||| STAIRDANCE
  3238 | D:5      | 3238 ||| STAIRDANCE
  3252 | D:5      | 3252 ||| STAIRDANCE
  3256 | D:5      | 3256 ||| STAIRDANCE
  3260 | D:5      | 3260 ||| STAIRDANCE
  3264 | D:5      | 3264 ||| STAIRDANCE
  3269 | D:5      | 3269 ||| STAIRDANCE
  3273 | D:5      | 3273 ||| STAIRDANCE
  3277 | D:5      | 3277 ||| STAIRDANCE
  3297 | D:5      | 3297 ||| Stepping ~*~*~tactically~*~*~ (water).
  3303 | Temple   | Entered the Ecumenical Temple
  3515 | Temple   | 3515 ||| PLANNING D:1-11
  3636 | D:5      | 3636 ||| Stepping ~*~*~tactically~*~*~ (outnumbered).
  3638 | D:5      | 3638 ||| Stepping ~*~*~tactically~*~*~ (outnumbered).
  3645 | D:5      | Reached skill level 9 in Ranged Weapons
  3645 | D:5      | Reached XP level 8. HP: 66/68 MP: 8/8
  3646 | D:5      | 3646 ||| Stepping ~*~*~tactically~*~*~ (outnumbered).
  3651 | D:5      | 3651 ||| Stepping ~*~*~tactically~*~*~ (outnumbered).
  3787 | D:5      | Reached skill level 6 in Fighting
  3947 | D:5      | Found a sacrificial altar of Ru.
  3956 | D:5      | Reached skill level 3 in Dodging
  4201 | D:5      | Found Buirratt's Neck Hole.
  4208 | D:5      | 4208 ||| SHOPLISTING +2 cloak of Onkor {+Blink rF+++ rCorr
                  | Stlth-} (880 gold, have 255).
  4208 | D:5      | 4208 ||| SHOPLISTING +2 cloak of stealth (279 gold, have
                  | 255).
  4208 | D:5      | 4208 ||| BUYING scarf of repulsion (156 gold).
  4208 | D:5      | Bought a scarf of repulsion for 156 gold pieces
  4218 | D:5      | 4218 ||| UPGRADING to scarf of repulsion.
  4317 | D:6      | Reached skill level 10 in Ranged Weapons
  4322 | D:6      | 4322 ||| Stepping ~*~*~tactically~*~*~ (outnumbered).
  4344 | D:6      | HP: 15/70 [orc/+0 hand axe (5)]
  4345 | D:6      | 4345 ||| READING 5 scrolls of teleportation.
  4347 | D:6      | HP: 7/70 [something/magic dart (2)]
  4447 | D:6      | Found a shimmering altar of Xom.
  4590 | D:6      | 4590 ||| FLEEEEING.
  4591 | D:6      | 4591 ||| STAIRDANCE
  4607 | D:5      | 4607 ||| READING 2 scrolls of identify.
  4607 | D:5      | 4607 ||| IDENTIFYING fizzy brown potion
  4621 | D:6      | 4621 ||| STAIRDANCE
  4670 | D:6      | 4670 ||| READING scroll of enchant weapon.
  4670 | D:6      | 4670 ||| ENCHANTING +2 sling.
  4724 | D:6      | Found an opulent altar of Gozag.
  4825 | D:7      | Noticed a hornet
  4829 | D:7      | 4829 ||| STAIRDANCE
  4833 | D:6      | Paralysed by a hornet for 1 turns
  4835 | D:6      | Killed a hornet
  4836 | D:6      | Reached skill level 11 in Ranged Weapons
  4836 | D:6      | Reached XP level 9. HP: 60/79 MP: 9/9
  4949 | D:7      | Identified the +1 ring mail of Indecent Exposure {Rampage}
  4960 | D:7      | Identified the +4 sling "Mennedgh" {freeze, Will+ rCorr
                  | Str+5 Int-3}
  4962 | D:7      | 4962 ||| SWAPPING to +4 sling "Mennedgh" {freeze, Will+
                  | rCorr Str+5 Int-3}.
  4963 | D:7      | 4963 ||| DROPPING +3 sling.
  4988 | D:7      | Reached skill level 3 in Armour
  5401 | D:7      | 5401 ||| UPGRADING to +1 ring mail of Indecent Exposure
                  | {Rampage}.
  5411 | D:7      | 5411 ||| DROPPING +0 ring mail.
  5476 | D:8      | Reached skill level 12 in Ranged Weapons
  5533 | D:8      | 5533 ||| Stepping ~*~*~tactically~*~*~ (cloud).
  5658 | D:8      | 5658 ||| FLEEEEING.
  5659 | D:8      | 5659 ||| FLEEEEING.
  5660 | D:8      | 5660 ||| FLEEEEING.
  5661 | D:8      | 5661 ||| FLEEEEING.
  5662 | D:8      | 5662 ||| FLEEEEING.
  5663 | D:8      | 5663 ||| FLEEEEING.
  5665 | D:8      | 5665 ||| FLEEEEING.
  5666 | D:8      | 5666 ||| FLEEEEING.
  5667 | D:8      | 5667 ||| STAIRDANCE
  5675 | D:7      | 5675 ||| UPGRADING to +0 steam dragon scales.
  5685 | D:7      | 5685 ||| DROPPING +1 ring mail of Indecent Exposure
                  | {Rampage}.
  5686 | D:7      | 5686 ||| DROPPING ring of willpower.
  5687 | D:7      | 5687 ||| DROPPING ring of resist corrosion.
  5688 | D:7      | 5688 ||| UPGRADING to +6 ring of dexterity.
  5690 | D:7      | 5690 ||| UPGRADING to +5 ring of evasion.
  5692 | D:7      | 5692 ||| DROPPING ring of poison resistance.
  5693 | D:7      | 5693 ||| READING 2 scrolls of identify.
  5693 | D:7      | 5693 ||| IDENTIFYING sedimented silvery potion
  5694 | D:7      | 5694 ||| DROPPING potion of magic.
  5734 | D:8      | Found a large runed translucent door.
  5734 | D:8      | Found a large runed translucent door.
  5734 | D:8      | Noticed qw's ghost (novice GrFi)
  5767 | D:8      | 5767 ||| Stepping ~*~*~tactically~*~*~ (outnumbered).
  5890 | D:8      | Found a radiant altar of Vehumet.
  5898 | D:8      | Found a blossoming altar of Fedhas.
  5974 | D:9      | Reached skill level 6 in Dodging
  6064 | D:9      | Reached XP level 10. HP: 89/89 MP: 10/10
  6120 | D:9      | 6120 ||| SWAPPING to +0 orcbow.
  6121 | D:9      | 6121 ||| DROPPING +4 sling "Mennedgh" {freeze, Will+ rCorr
                  | Str+5 Int-3}.
  6174 | D:9      | Found an ancient bone altar of Kikubaaqudgha.
  6699 | D:9      | 6699 ||| READING scroll labelled NIWAIH CIVEID.
  6800 | D:9      | 6800 ||| READING scroll labelled JAEREJ HISSICY.
  6801 | D:9      | 6801 ||| DRINKING 2 inky potions.
  6802 | D:9      | 6802 ||| READING 2 scrolls of identify.
  6802 | D:9      | 6802 ||| IDENTIFYING white potion
  6803 | D:9      | 6803 ||| DROPPING potion of attraction.
  6832 | D:10     | Entered Level 10 of the Dungeon
  6850 | D:10     | Reached skill level 13 in Ranged Weapons
  7014 | D:10     | Found a sparkling altar of Nemelex Xobeh.
  7045 | D:10     | 7045 ||| READING scroll of enchant armour.
  7045 | D:10     | 7045 ||| ENCHANTING +0 steam dragon scales.
  7120 | D:10     | Found a staircase to the Lair.
  7226 | D:10     | Reached skill level 9 in Fighting
  7410 | D:10     | Noticed a two-headed ogre
  7418 | D:10     | Killed a two-headed ogre
  7419 | D:10     | Reached skill level 14 in Ranged Weapons
  7569 | D:10     | Reached XP level 11. HP: 87/97 MP: 11/11
  7711 | D:10     | Found a white marble altar of Elyvilon.
  7901 | D:10     | 7901 ||| UPGRADING to +0 troll leather armour.
  7911 | D:10     | 7911 ||| DROPPING +1 steam dragon scales.
  7912 | D:10     | 7912 ||| READING scroll labelled OLIUTZOMNI.
  7913 | D:10     | 7913 ||| DRINKING 2 gluggy clear potions.
  8018 | D:10     | 8018 ||| DROPPING potion of berserk rage.
  8587 | D:11     | Noticed a boulder beetle
  8608 | D:11     | Killed a boulder beetle
  8805 | D:11     | 8805 ||| PLANNING LAIR
  8805 | D:11     | 8805 ||| UPGRADING to +0 pair of gloves.
  8810 | D:11     | 8810 ||| DROPPING ring of ice.
  8811 | D:11     | 8811 ||| READING scroll labelled SAENAO OLEEPER.
  8840 | Lair:1   | Entered Level 1 of the Lair of Beasts
  8919 | Lair:1   | Reached skill level 15 in Ranged Weapons
  8997 | Lair:1   | HP: 20/99 [blink frog (7)]
  8998 | Lair:1   | 8998 ||| READING 5 scrolls of teleportation.
  8999 | Lair:1   | 8999 ||| DRINKING 2 potions of heal wounds.
  9001 | Lair:1   | 9001 ||| DRINKING potion of heal wounds.
  9155 | Lair:1   | Reached skill level 16 in Ranged Weapons
  9475 | Lair:1   | Reached skill level 9 in Dodging
  9564 | Lair:1   | Noticed a death yak
  9567 | Lair:1   | Noticed a death yak
  9572 | Lair:1   | Noticed a death yak
  9578 | Lair:1   | Noticed a death yak
  9579 | Lair:1   | Noticed a death yak
  9580 | Lair:1   | Noticed a death yak
  9582 | Lair:1   | HP: 25/102 [death yak (20)]
  9583 | Lair:1   | 9583 ||| READING 4 scrolls of teleportation.
  9584 | Lair:1   | Killed a death yak
  9587 | Lair:1   | 9587 ||| FLEEEEING.
  9588 | Lair:1   | 9588 ||| FLEEEEING.
  9589 | Lair:1   | 9589 ||| FLEEEEING.
  9590 | Lair:1   | 9590 ||| FLEEEEING.
  9591 | Lair:1   | 9591 ||| FLEEEEING.
  9592 | Lair:1   | 9592 ||| FLEEEEING.
  9593 | Lair:1   | 9593 ||| FLEEEEING.
  9594 | Lair:1   | 9594 ||| FLEEEEING.
  9597 | Lair:1   | 9597 ||| FLEEEEING.
  9598 | Lair:1   | 9598 ||| FLEEEEING.
  9599 | Lair:1   | 9599 ||| FLEEEEING.
  9600 | Lair:1   | 9600 ||| FLEEEEING.
  9601 | Lair:1   | 9601 ||| FLEEEEING.
  9602 | Lair:1   | 9602 ||| STAIRDANCE
  9625 | Lair:1   | 9625 ||| STAIRDANCE
  9639 | D:10     | Killed a death yak
  9640 | D:10     | Reached XP level 12. HP: 72/110 MP: 12/12
  9661 | Lair:1   | 9661 ||| STAIRDANCE
  9674 | D:10     | Killed a death yak
  9699 | Lair:1   | 9699 ||| STAIRDANCE
  9705 | D:10     | Killed a death yak
  9706 | D:10     | Reached skill level 12 in Fighting
  9729 | Lair:1   | 9729 ||| STAIRDANCE
  9738 | D:10     | Killed a death yak
  9743 | Lair:1   | 9743 ||| STAIRDANCE
  9758 | D:10     | Killed a death yak
  9941 | Lair:2   | 9941 ||| STAIRDANCE
 10003 | Lair:2   | 10003 ||| STAIRDANCE
 10032 | Lair:2   | Noticed a five-headed hydra
 10045 | Lair:2   | HP: 27/113 [five-headed hydra (10)]
 10046 | Lair:2   | 10046 ||| READING 3 scrolls of teleportation.
 10046 | Lair:2   | HP: 13/113 [yak[a torpor snail] (7)]
 10046 | Lair:2   | HP: 2/113 [five-headed hydra (7)]
 10046 | Lair:2   | Slain by a five-headed hydra

Levels and vault maps discovered:
D:1:      ebering_trefoil_3fold, layout_loops_ring
D:2:      layout_loops_corners, chequers_serial_rivers_small_3,
          solitary_fountain, kennysheep_donut, uniq_jessica
D:3:      layout_basic, mainiacjoe_overflow_alcove_2, general_overflow_altar,
          uniq_robin
D:4:      layout_gridville, mainiacjoe_overflow_catwalk,
          grunt_dithmenos_smoke_and_mirrors, uniq_eustachio, uniq_grinder,
          uniq_edmund, uniq_sigmund
D:5:      layout_gridville, nicolae_ru_sacrificial_ziggurat, temple_pool_b,
          reono_crystal_passage, minmay_misc_feat_columns,
          nicolae_shop_sticking_my_neck_out
D:6:      layout_basic, led_xom_imps, grunt_gozag_statues, minmay_lizard_king
D:7:      layout_cave_pools, amcnicky_mini_rare_corridor_liquid,
          kennysheep_pointless_box, nicolae_letterblocks
          [nicolae_letter_subblock, nicolae_letter_subblock,
          nicolae_letter_subblock, nicolae_letter_subblock,
          nicolae_letter_subblock, nicolae_letter_subblock,
          nicolae_letter_subblock, nicolae_letter_subblock,
          nicolae_letter_subblock, nicolae_letter_subblock,
          nicolae_letter_subblock, nicolae_letter_subblock,
          nicolae_letter_subblock, nicolae_letter_subblock,
          nicolae_letter_subblock, nicolae_letter_subblock,
          nicolae_letter_subblock, nicolae_letter_subblock,
          nicolae_letter_subblock, nicolae_letter_subblock,
          nicolae_letter_subblock, nicolae_letter_subblock,
          nicolae_letter_subblock, nicolae_letter_subblock,
          nicolae_letter_subblock]
D:8:      layout_gridville, mainiacjoe_overflow_catwalk_spiral,
          ebering_ghost_disaster_area
D:9:      layout_loops_cross, mainiacjoe_overflow_brackets
D:10:     minmay_four_partial_circles, layout_small_grid,
          mainiacjoe_overflow_chevrons, nemelex_diamond_rough_becter,
          lair_entry_dummy, statue_in_the_mist_lemuel
D:11:     layout_irregular_city
Temple:   dpeg_chambers_temple
Lair:1:   layout_long_grid
Lair:2:   layout_chaotic_city, st_stairs_7

Skill      XL: |  1  2  3  4  5  6  7  8  9 10 11 12 |
---------------+-------------------------------------+-----
Ranged Weapons | 3 4 5 6 7 9 11 12 14 16 | 16.0
Fighting       | 2 3 5 7 8 9 11 12 | 12.7
Armour         | 1 2 3 5 |  5.4
Dodging        | 3 6 7 9 10 | 10.0
Spellcasting   | |  1.0
Hexes          | |  2.0

Action                     |  1- 3 |  4- 6 |  7- 9 | 10-12 || total
---------------------------+-------+-------+-------+-------++-------
   Fire: Sling             |    60 |   163 |   570 |    19 ||   812
         Orcbow            |       |       |       |   615 ||   615
    Use: Scroll            |     3 |     6 |     8 |     9 ||    26
         Potion            |     1 |     4 |       |     4 ||     9
 Armour: Ring mail         |    18 |    30 |    78 |       ||   126
         Steam dragon scal |       |       |     6 |    14 ||    20
         Troll leather arm |       |       |       |    24 ||    24
  Dodge: Dodged            |    24 |    87 |   307 |   381 ||   799
         Repelled          |       |       |     2 |     2 ||     4

Table legend:
 A = Non-vault XP
 B = Vault XP
 C = Vault XP percentage of total XP
 D = Non-vault monster count
 E = Vault monster count
 F = Vault count percentage of total count
                 A         B        C        D         E       F
            +---------+---------+-------+---------+---------+-------
      Total |   23941 |    4072 |  14.5 |     241 |      38 |  13.6
            +---------+---------+-------+---------+---------+-------
        D:1 |       8 |       0 |   0.0 |       4 |       0 |   0.0
        D:2 |      65 |      37 |  36.3 |      16 |       1 |   5.9
        D:3 |      55 |      36 |  39.6 |      23 |      12 |  34.3
        D:4 |     518 |     596 |  53.5 |      27 |       3 |  10.0
        D:5 |     552 |       0 |   0.0 |      26 |       0 |   0.0
        D:6 |     977 |     233 |  19.3 |      19 |       9 |  32.1
        D:7 |     935 |       0 |   0.0 |      21 |       0 |   0.0
        D:8 |    1099 |       0 |   0.0 |      15 |       0 |   0.0
        D:9 |    2101 |       0 |   0.0 |      23 |       0 |   0.0
       D:10 |    4750 |    3170 |  40.0 |      15 |      13 |  46.4
       D:11 |    2580 |       0 |   0.0 |       7 |       0 |   0.0
     Lair:1 |    9357 |       0 |   0.0 |      40 |       0 |   0.0
     Lair:2 |     944 |       0 |   0.0 |       5 |       0 |   0.0
            +---------+---------+-------+---------+---------+-------
